 Dungeon Crawl Stone Soup version 0.24.0-1-gfbc8707122 (webtiles) character file.

Game seed: 18100220056814594073, levelgen mode: deterministic

345 Gobbopathe the Chiller (level 6, -2/47 HPs)
             Began as a Barachi Ice Elementalist on Oct 26, 2019.
             Slain by a centaur (4 damage)
             ... on level 5 of the Dungeon.
             The game lasted 00:21:25 (5293 turns).

Gobbopathe the Chiller (Barachi Ice Elementalist)   Turns: 5293, Time: 00:21:25

Health: -2/47      AC:  5    Str:  7 (10) XL:     6   Next: 58%
Magic:  8/11       EV: 18    Int: 16 (17) God:
Gold:   308        SH:  0    Dex: 15 (17) Spells: 5/12 levels left

rFire    + . .     SeeInvis .   a - +0 long sword
rCold    . . .     Gourm    .   (no shield)
rNeg     . . .     Faith    .   m - +0 robe
rPois    .         Spirit   .   (no helmet)
rElec    .         Reflect  .   d - +0 cloak
rCorr    +         Harm     .   (no gloves)
MR       .....                  v - +1 pair of boots
Stlth    +++.......             (no amulet)
HPRegen  0.15/turn              o - ring of resist corrosion
MPRegen  0.12/turn              f - ring of protection from fire

@: agile, flying, hasted, very quick
A: +LOS, swims, slowness 1, strong legs 1
a: Hop


You were on level 5 of the Dungeon.
You were not hungry.

You visited 2 branches of the dungeon, and saw 6 of its levels.

You collected 308 gold pieces.

Inventory:

Hand Weapons
 a - a +0 long sword (weapon)
Missiles
 e - 53 sling bullets
 t - 8 poisoned darts (quivered)
 y - 4 throwing nets
Armour
 d - a +0 cloak (worn)
 m - a +0 robe (worn)
 v - a +1 pair of boots (worn)
Jewellery
 f - a ring of protection from fire (right hand)
 j - an uncursed ring of positive energy
 o - a ring of resist corrosion (left hand)
Scrolls
 g - 2 scrolls of amnesia
 l - 3 scrolls of remove curse
 q - 2 scrolls of enchant armour {unknown}
 s - a scroll of fear {unknown}
 u - a scroll of teleportation
 w - a scroll of identify {unknown}
 A - 3 scrolls of magic mapping {unknown}
Potions
 i - 2 potions of agility
 k - a potion of lignification {unknown}
 n - a potion of degeneration
 p - a potion of flight
 r - a potion of might {unknown}
 x - a potion of curing {unknown}
 z - a potion of resistance {unknown}
Comestibles
 c - 6 rations


   Skills:
 + Level 3.2 Fighting
 + Level 1.8 Long Blades
 - Level 2.1 Dodging
 - Level 1.7 Stealth
 + Level 3.6 Spellcasting
 - Level 1.1 Conjurations
 * Level 6.6 Ice Magic


You had 5 spell levels left.
You knew the following spells:

 Your Spells              Type           Power        Failure   Level  Hunger
a - Freeze                Ice            ###.         1%          1    None
b - Throw Frost           Conj/Ice       ###...       5%          2    ##.....
c - Throw Icicle          Conj/Ice       ###.....     34%         4    ####...

Your spell library contained the following spells:

 Spells                   Type           Power        Failure   Level  Hunger
 Ozocubu's Armour         Chrm/Ice       ##......     14%         3    ###....
 Confusing Touch          Hex            #.....       19%         1    None
 Summon Ice Beast         Ice/Summ       ##......     41%         4    ####...
 Confuse                  Hex            #.......     47%         3    ###....
 Gell's Gravitas          Tloc           #.........   47%         3    ###....
 Metabolic Englaciation   Hex/Ice        ##........   77%         5    ######.
 Petrify                  Tmut/Erth      #.......     87%         4    ####...
 Yara's Violent Unravell  Hex/Tmut       #.........   99%         5    ######.


Dungeon Overview and Level Annotations

Branches:
Dungeon (5/15)             Temple (1/1) D:4

Altars:
Dithmenos
Elyvilon
Fedhas
Gozag
Hepliaklqana
Kikubaaqudgha
Makhleb
Nemelex Xobeh
Okawaru
Qazlal
Ru
Sif Muna
Uskayaw
Vehumet
Wu Jian
Xom
Yredelemnul
Zin
The Shining One


Innate Abilities, Weirdness & Mutations

Shadows flee at your approach. (+LOS)
You can swim through water.
You cover ground slowly.
You can hop short distances.


Message History

The centaur hits you!
* * * LOW HITPOINT WARNING * * *
The centaur closely misses you.
Huge Dmg: -21%(-10hp) hp: 20%(9hp) It was a potion of agility.
You feel agile all of a sudden. The centaur hits you.
* * * LOW HITPOINT WARNING * * *
Huge Dmg: -7%(-3hp) hp: 13%(6hp) It was a potion of degeneration.
There was something very wrong with that liquid.
You feel weakened.
You feel dopey.
You feel clumsy. The centaur misses you. The centaur hits you.
* * * LOW HITPOINT WARNING * * *
Huge Dmg: -8%(-4hp) hp: 5%(2hp) It was a potion of flight.
You feel very buoyant.
You fly up into the air.
The centaur completely misses you.
It was a potion of haste.
You feel yourself speed up. The centaur hits you.
You die...

.... ... ... o. #.#
#..## #.o# ##
######c##..
#...(@(.#.#
#.....#(#.#
#.....#.#.#######
#................
#.....#.#########
#..(..#.#
#######.##########..
#.##.........#
#.##.#########


You could see a centaur and an orc priest.

Vanquished Creatures
  A big kobold (D:4)
  An orc wizard (D:4)
  A centaur skeleton (D:4)
  2 worker ants
  7 adders
  3 oozes
  An adder skeleton (D:4)
  3 worms
  3 dart slugs
  3 leopard geckos
  6 orcs
  5 bats
  4 giant cockroaches
  7 goblins
  A hobgoblin (D:2)
  9 jackals
  A quokka (D:2)
  A ball python (D:2)
  2 frilled lizards
  15 kobolds
  A quokka skeleton (D:4)
  8 rats
  A plant (D:4)
86 creatures vanquished.

Vanquished Creatures (others)
  A kobold (D:3)
1 creature vanquished.

Grand Total: 87 creatures vanquished

Notes
Turn   | Place    | Note
-------+----------+-------------------------------------------
     0 | D:1      | Gobbopathe the Barachi Ice Elementalist began the quest for
                  | the Orb.
     0 | D:1      | Reached XP level 1. HP: 13/13 MP: 3/3
   154 | D:1      | Reached skill level 4 in Ice Magic
   191 | D:1      | Reached XP level 2. HP: 3/20 MP: 0/5
  1170 | D:1      | Reached skill level 1 in Fighting
  1170 | D:1      | Reached XP level 3. HP: 23/26 MP: 3/6
  1174 | D:1      | Learned a level 2 spell: Throw Frost
  1692 | D:2      | Found a shimmering blue altar of Sif Muna.
  1715 | D:2      | Reached skill level 5 in Ice Magic
  1715 | D:2      | Reached XP level 4. HP: 33/33 MP: 6/8
  2536 | D:3      | Found a radiant altar of Vehumet.
  2584 | D:3      | Learned a level 4 spell: Throw Icicle
  2882 | D:3      | Found a hazy altar of Hepliaklqana.
  3045 | D:3      | Found a faded altar of an unknown god.
  3140 | D:3      | Reached XP level 5. HP: 38/38 MP: 6/9
  3407 | D:3      | Found a blossoming altar of Fedhas.
  3408 | D:3      | Found a sacrificial altar of Ru.
  3972 | D:4      | Noticed a big kobold
  3989 | D:4      | Killed a big kobold
  3989 | D:4      | Reached skill level 1 in Long Blades
  3989 | D:4      | Reached skill level 6 in Ice Magic
  3989 | D:4      | Reached XP level 6. HP: 36/47 MP: 1/11
  4202 | D:4      | Found a staircase to the Ecumenical Temple.
  4210 | Temple   | Entered the Ecumenical Temple
  4756 | D:4      | Found a hide-covered altar of Uskayaw.
  5246 | D:5      | Entered Level 5 of the Dungeon
  5291 | D:5      | HP: 2/47 [centaur (4)]
  5293 | D:5      | Slain by a centaur

Levels and vault maps discovered:
D:1:      scummos_arrival_checkerplants, layout_loops_ring
D:2:      layout_loops_ring, overflow_temple_1_default, minivault_23
D:3:      layout_loops_ring, lemuel_round_altar,
          gammafunk_temple_overflow_statue, nicolae_overflow_crystal_walls,
          chequers_ecumenical_altar_island
D:4:      layout_basic, lemuel_round_altar, temple_green,
          lexackson_kobold_supper
D:5:      layout_rooms, marbit_many_paths, first_ration, serial_shops, shop,
          minmay_a_box_with_orc_wizards_in_it
Temple:   dshaligram_water_room_temple

Skill      XL: |  1  2  3  4  5 |
---------------+----------------+-----
Ice Magic      | 4 5 6 |  6.6
Fighting       | 1 2 3 |  3.2
Spellcasting   | 3 |  3.6
Long Blades    | 1 |  1.8
Dodging        | |  2.1
Stealth        | |  1.7
Conjurations   | |  1.1

Action                   |  1- 3 |  4- 6 || total
-------------------------+-------+-------++-------
Melee: Short sword       |    13 |       ||    13
       Falchion          |     2 |    96 ||    98
Throw: Dart              |       |     2 ||     2
 Cast: Freeze            |    36 |    67 ||   103
       Throw Frost       |     3 |    19 ||    22
       Throw Icicle      |       |     2 ||     2
  Use: Scroll            |     3 |       ||     3
       Potion            |       |     4 ||     4
 Stab: Sleeping          |     2 |     2 ||     4
  Eat: Chunk             |     3 |    12 ||    15
       Ration            |       |     1 ||     1
Armor: Robe              |     8 |    29 ||    37
Dodge: Dodged            |    23 |   106 ||   129
       Rpst.: Falchion   |     1 |    25 ||    26
       Long sword        |       |     1 ||     1
